 Dungeon Crawl Stone Soup version 0.30-b1-2-g02819fbbbe (webtiles) character file.

Game seed: 7896759569881331429

266 MajorAdolf the Sneak (level 6, -8/58 HPs)
             Began as a Naga Wanderer on Aug 30, 2023.
             Mangled by a kobold brigand
             ... wielding a +0 war axe
              (11 damage)
             ... on level 7 of the Dungeon.
             The game lasted 00:04:07 (1977 turns).

MajorAdolf the Sneak (Naga Wanderer)                Turns: 1977, Time: 00:04:07

Health: -8/58      AC:  3    Str: 13    XL:     6   Next: 20%
Magic:  6/6        EV:  7    Int: 14    God:
Gold:   286        SH:  6    Dex: 12    Spells: 5/5 levels left

rFire   + . .        a - +3 short sword
rCold   + + .        w - +0 kite shield
rNeg    . . .        e - +0 robe
rPois   +            (no helmet)
rElec   +            (no cloak)
rCorr   +            (no gloves)
SInv    +            (no barding)
Will    +....        (no amulet)
Stlth   +++          k - ring of willpower
HPRegen 0.29/turn    u - ring of protection from cold
MPRegen 0.10/turn

%: no passive effects
@: lethally poisoned (-8 -> -15), resistant, very slow
A: AC +2, large, see invisible, deformed body, poison resistance, slowness 2,
spit poison 1, naga tail 1
a: Spit Poison


You were on level 7 of the Dungeon.
You visited 1 branch of the dungeon, and saw 5 of its levels.
You also visited: Bailey.

You collected 286 gold pieces.

Inventory:

Hand Weapons
 a - a +3 short sword (weapon)
 c - a +0 dagger
Missiles
 b - 19 poisoned darts (quivered)
Armour
 e - a +0 robe (worn)
 w - a +0 kite shield (worn)
Jewellery
 k - a ring of willpower (left hand)
 u - a ring of protection from cold (right hand)
 v - a ring of positive energy
 z - a ring of protection from fire
Scrolls
 i - a scroll of amnesia
 o - a scroll of noise {unknown}
 r - a scroll of vulnerability {unknown}
 s - 2 scrolls of teleportation
 t - a scroll of enchant armour {unknown}
 y - a scroll of silence {unknown}
Potions
 f - a potion of resistance
 j - a potion of flight
 l - a potion of mutation {unknown}
 m - a potion of berserk rage {unknown}
 n - 2 potions of experience {unknown}
 p - a potion of curing {unknown}
 q - a potion of magic {unknown}


   Skills:
 + Level 4.3 Fighting
 + Level 5.0 Short Blades
 - Level 1.0 Throwing
 + Level 6.4 Stealth
 + Level 0.0 Shields
 - Level 1.0 Invocations


You had 5 spell levels left.
You didn't know any spells.
Your spell library contained the following spells:

 Spells                   Type           Power      Damage    Failure   Level
 Ensorcelled Hibernation  Hex/Ice        0%         N/A       88%         2
 Spider Form              Tmut/Pois      0%         N/A       98%         3
 Anguish                  Hex/Necr       0%         N/A       100%        4


Dungeon Overview and Level Annotations

Branches:
Dungeon (7/15)             Bailey (visited)
 Temple: D:4-7

Altars:


Innate Abilities, Weirdness & Mutations

Your serpentine skin is tough. (AC +2)
You have supernaturally acute eyesight. (SInv)
Armour fits poorly on your strangely shaped body.
Your system is resistant to poisons. (rPois)
You cover ground very slowly.
You can spit poison.
You have a snake-like lower body.


Message History

Unknown command.
You feel much better.
You feel sick.
The kobold brigand throws a curare-tipped dart.
You block the curare-tipped dart.
The kobold brigand hits you with a +0 war axe. x2
Unknown command.
You feel sick. The kobold brigand barely misses you.
You block the kobold brigand's attack.
The kobold brigand attacks as you move away!
The kobold brigand hits you with a +0 war axe!
You have got your breath back.
You feel sick.
You are no longer poisoned.
The kobold brigand closely misses you. The kobold brigand barely misses you.
You block the kobold brigand's attack.
The kobold brigand throws a poisoned dart.
You block the poisoned dart.
The kobold brigand hits you with a +0 war axe.
There is a gate leading back out of this place here.
The kobold brigand barely misses you.
The kobold brigand hits you with a +0 war axe.
Welcome back to the Dungeon!
There is an empty arch of ancient stone here.
Unknown command.
The kobold brigand hits you with a +0 war axe!
* * * LOW HITPOINT WARNING * * *
Things that are here:
a +0 dagger; a +0 hand axe The kobold brigand throws a curare-tipped dart.
The curare-tipped dart completely misses you.
The kobold brigand throws a poisoned dart.
The poisoned dart hits you!
You are poisoned.
The kobold brigand attacks as you move away!
The kobold brigand hits you with a +0 war axe!
* * * LOW HITPOINT WARNING * * *
x2 You feel very sick.
The kobold brigand attacks as you move away!
The kobold brigand hits you with a +0 war axe!
You die...

*,*****,**,,,*****
****#.#*,,,,,,,,,,,,,,
*,,,...,,,,,,,,,,,**,,
****#.#*,,,,,,,,,,,,,,
#.#*,,,,,,,,,,,***
#.!,,,,,,,,,,,,,,,
#.#,,,,,,,,,*,,*,,
#.#****,,,,,*,,,,,
###@####*,,,,,,,,*,*
#..KK..#*,,,,,*,,,,,
##..)...#****,,*,**,,
#..)∩)..#####,,*,**,,
#...)..........#,****
#........####..#.***,
#................,,*,
###......##....$,,,,,
###....##...#*,#,*+


You could see 2 kobold brigands.

Vanquished Creatures
  Sigmund (D:2)
  A scorpion (D:3)
  4 orcs (D:3)
  2 endoplasms
  2 giant cockroaches
  2 goblins (D:2)
  7 hobgoblins
  9 kobolds
  A quokka (D:1)
  8 ball pythons
  4 bats
  4 frilled lizards
  2 rats
47 creatures vanquished.

Notes
Turn   | Place    | Note
-------+----------+-------------------------------------------
     0 | D:1      | MajorAdolf the Naga Wanderer began the quest for the Orb.
     0 | D:1      | MajorAdolf set off with the following items: a +3 short
                  | sword, 13 poisoned darts, a +0 dagger, a scroll of fear, a
                  | +0 robe.
     0 | D:1      | Reached XP level 1. HP: 22/22 MP: 1/1
   206 | D:1      | Reached skill level 2 in Stealth
   420 | D:1      | Reached XP level 2. HP: 28/30 MP: 2/2
   733 | D:2      | Noticed Sigmund
   828 | D:2      | Killed Sigmund
   829 | D:2      | Reached skill level 5 in Stealth
   829 | D:2      | Reached XP level 3. HP: 21/36 MP: 3/3
   829 | D:2      | Reached XP level 4. HP: 26/44 MP: 4/4
   829 | D:2      | Reached XP level 5. HP: 30/50 MP: 5/5
  1366 | D:3      | Reached skill level 5 in Short Blades
  1366 | D:3      | Reached skill level 6 in Stealth
  1366 | D:3      | Reached XP level 6. HP: 28/57 MP: 6/6
  1892 | D:4      | You fall into a shaft and drop 3 floors!
  1909 | D:7      | Found a flagged portal.
  1918 | Bailey   | Entered a bailey
  1977 | D:7      | Mangled by a kobold brigand

Illustrated notes

Levels and vault maps discovered:
D:1:      nicolae_arrival_memento_mori, layout_loops_cross
D:2:      layout_rooms, uniq_sigmund
D:3:      layout_rooms
D:4:      kennysheep_big_flooded_room, layout_basic,
          mainiacjoe_overflow_divided_tiny, minmay_temple_entry_wispy,
          nicolae_ossuary_entry_catacombs, minivault_25
D:7:      layout_basic, amethyst_overflow_temple_binary,
          overflow_temple_1_default, enter_bailey_2, grunt_ministairs_2,
          centaur_isle

Skill      XL: |  1  2  3  4  5 |
---------------+----------------+-----
Stealth        | 2 5 6 |  6.4
Short Blades   | 4 5 |  5.0
Fighting       | |  4.3
Throwing       | |  1.0
Invocations    | |  1.0

Action                     |  1- 3 |  4- 6 || total
---------------------------+-------+-------++-------
  Melee: Short sword       |    41 |   100 ||   141
         Punch             |     1 |     1 ||     2
Ability: Spit Poison       |     4 |     8 ||    12
    Use: Scroll            |       |     6 ||     6
         Potion            |       |     3 ||     3
   Stab: Sleeping          |       |     3 ||     3
 Armour: Robe              |     2 |    26 ||    28
  Dodge: Dodged            |    14 |    57 ||    71
  Block: Kite shield       |       |    19 ||    19
